 Dungeon Crawl Stone Soup version 0.27.1-1-g398f81649c (webtiles) character file.

Game seed: 1427099781583201220

3928 Destapler the Protected (level 10, -6/72 (81) HPs)
             Began as a Minotaur Fighter on Sept 13, 2021.
             Was a High Priest of Ru.
             Killed by an exploding wight (28 damage)
             ... ignited by their inner flame
             ... on level 8 of the Dungeon.
             The game lasted 00:15:39 (8204 turns).

Destapler the Protected (Minotaur Fighter)          Turns: 8204, Time: 00:15:40

HP:   -6/72 (81)    AC: 10    Str: 24    XL:     10   Next: 1%
MP:   12/12         EV:  8    Int:  5    God:    Ru [*****.]
Gold: 548           SH: 16    Dex: 10    Spells: 9/9 levels left

rFire    . . .     SeeInvis .   G - +2 mace (vorpal)
rCold    . . .     Faith    .   c - +0 kite shield
rNeg     . . .     Spirit   .   b - +0 scale mail
rPois    .         Reflect  +   (helmet restricted)
rElec    .         Harm     .   (no cloak)
rCorr    .         Rampage  .   w - +0 pair of gloves
Will     +....                  (no boots)
Stlth    ..........             r - amulet of reflection
HPRegen  0.22/turn              z - ring of willpower
MPRegen  0.13/turn              (no ring)

@: heavily drained
A: horns 2, frail 1, inability to use devices, no earth magic, no summoning
magic, no transmutations magic, retaliatory headbutt
a: Renounce Religion, Draw Out Power, Power Leap, Apocalypse


You were on level 8 of the Dungeon.
You worshipped Ru.
Ru was extremely pleased with you.
You visited 1 branch of the dungeon, and saw 11 of its levels.

You collected 548 gold pieces.

Inventory:

Hand Weapons
 u - a +2 short sword of electrocution
 G - a +2 vorpal mace (weapon)
Missiles
 j - 36 poisoned darts (quivered)
 E - 5 silver boomerangs
Armour
 b - a +0 scale mail (worn)
 c - a +0 kite shield (worn)
 w - a +0 pair of gloves (worn)
Jewellery
 a - a ring of magical power
 r - an amulet of reflection (around neck)
 z - a ring of willpower (left hand)
Scrolls
 f - 3 scrolls of amnesia {unknown}
 k - a scroll of fog {unknown}
 l - 5 scrolls of teleportation {unknown}
 m - 10 scrolls of identify {unknown}
 n - 5 scrolls of enchant armour {unknown}
 o - a scroll of noise {unknown}
 p - 2 scrolls of summoning {unknown}
 q - 2 scrolls of brand weapon {unknown}
 v - a scroll of vulnerability {unknown}
 x - 2 scrolls of blinking {unknown}
 B - a scroll of acquirement {unknown}
Potions
 d - 3 potions of heal wounds {unknown}
 e - a potion of haste {unknown}
 g - a potion of attraction {unknown}
 h - 3 potions of curing {unknown}
 i - 2 potions of degeneration {unknown}
 s - 2 potions of mutation {unknown}
 t - 2 potions of magic {unknown}
 C - 2 potions of lignification {unknown}


   Skills:
 + Level 9.5 Fighting
 + Level 3.7 Maces & Flails
 + Level 5.0 Throwing
 + Level 9.6 Armour
 - Level 9.0 Shields
 * Level 4.0 Invocations


You had 9 spell levels left.
You didn't know any spells.
Your spell library contained the following spells:

 Spells                   Type           Power      Damage    Failure   Level
 Magic Dart               Conj           0%         1d3       94%         1
 Slow                     Hex            0%         N/A       98%         2
 Confusing Touch          Hex            0%         N/A       100%        3
 Mephitic Cloud           Conj/Pois/Air  0%         N/A       100%        3
 Call Imp                 Summ           Unusable   N/A       N/A         2
 Yara's Violent Unravell  Hex/Tmut       Unusable   3d3       N/A         5

Dungeon Overview and Level Annotations

Branches:
Dungeon (11/15)            Temple (0/1) D:7
   Lair: D:8-11         Orc: D:9-12

Altars:
Ashenzari
Elyvilon
Hepliaklqana
Ru
Sif Muna
Wu Jian

Shops:
D:6 =

Annotations:
D:5 1 runed translucent door, Linguinho's ghost, novice GrFi


Innate Abilities, Weirdness & Mutations

You have a pair of horns on your head.
You are frail. (-10% HP)
You cannot study or use magical devices.
You cannot study or cast Earth magic.
You cannot study or cast Summoning magic.
You cannot study or cast Transmutations magic.
You reflexively headbutt those who attack you in melee.


Message History

You block the wight's attack. The wight hits you with a +2 falchion!
* * * LOW HITPOINT WARNING * * *
You barely miss the wight. You headbutt the wight.
You destroy the wight!
You feel sick. The wight hits you with a +2 falchion.
* * * LOW HITPOINT WARNING * * *
The wight hits you with a +2 falchion.
* * * LOW HITPOINT WARNING * * *
You are too injured to fight recklessly!
You are too injured to fight recklessly!
You are restored by drawing out deep reserves of power within.
You feel drained.
You feel sick. The wight hits you with a +2 falchion!
You focus your inner power and blind the wight in retribution!
You hit the wight but do no damage.
You feel sick. The wight barely misses you.
You hit the wight but do no damage.
You feel sick. You block the wight's attack.
You closely miss the wight. You headbutt the wight.
The wight is lightly damaged.
You feel sick.
You are no longer poisoned.
The wight hits you with a +2 falchion.
* * * LOW HITPOINT WARNING * * *
You feel drained.
* * * LOW HITPOINT WARNING * * *
You block the wight's attack.
You closely miss the wight.
The wight is lightly damaged.
The wight is no longer blind.
The wight hits you with a +2 falchion!
* * * LOW HITPOINT WARNING * * *
You feel less exhausted. You block the wight's attack.
As you read the scroll labelled EBAOSHA POMI, it crumbles to dust.
The creatures around you are filled with an inner flame!
It was a scroll of immolation.
As you read the scroll labelled EVEFIANOIX, it crumbles to dust.
You speak a Word of immense power!
The wight convulses!
It was a scroll of holy word.
The wight explodes!
The fiery explosion engulfs you!!
You die...

##......##..............
#.......##..............
##..###..................
### ##.###
##................. ...#
###.## ##................
....##..##
#................
........#
##§...............
.......##
##§§...............
......##
##§@................
.......#
##...................
..>....##
###...###..............
........###....##
##.............
..............##
##............
.............##
#............
.............#
##...........
..#########..##
###......... .# ##..#
##..######


There were no monsters in sight!

Vanquished Creatures
  Nergalle (D:11)
  Joseph (D:7)
  A hornet (D:7)
  A water moccasin (D:7)
  2 black bears
  2 ice beasts
  2 sky beasts
  A necrophage (D:6)
  A hornet zombie (D:7)
  3 ogres
  3 phantoms
  Blork the orc (D:6)
  A bullfrog (D:7)
  A scorpion (D:5)
  A water moccasin skeleton (D:5)
  2 wights (D:8)
  A howler monkey (D:9)
  A bullfrog zombie (D:5)
  A centaur zombie (D:9)
  3 hounds (D:5)
  3 orc priests
  A gnoll shaman (D:8)
  4 jellies
  3 iguanas
  A bullfrog skeleton (D:6)
  3 orc wizards
  6 gnolls
  7 adders
  2 shadow imps (D:5)
  3 worms (D:2)
  18 orcs
  2 endoplasms
  4 giant cockroaches
  5 goblins
  3 hobgoblins
  4 jackals (D:1)
  3 quokkas
  4 ball pythons
  5 bats
  5 frilled lizards
  7 rats
123 creatures vanquished.

Vanquished Creatures (others)
  A two-headed ogre (D:11)
1 creature vanquished.

Grand Total: 124 creatures vanquished

Notes
Turn   | Place    | Note
-------+----------+-------------------------------------------
     0 | D:1      | Destapler the Minotaur Fighter began the quest for the Orb.
     0 | D:1      | Reached XP level 1. HP: 19/19 MP: 0/0
   147 | D:1      | Reached XP level 2. HP: 13/27 MP: 1/1
   734 | D:1      | Reached XP level 3. HP: 33/33 MP: 2/2
   857 | D:1      | Found a faded altar of an unknown god.
  1108 | D:1      | Became a worshipper of Ru the Awakened
  1114 | D:1      | Gained mutation: You cannot study or use magical devices.
                  | [Ru sacrifice]
  1114 | D:1      | Reached * piety under Ru
  1114 | D:1      | Reached ** piety under Ru
  2259 | D:2      | Reached XP level 4. HP: 41/41 MP: 3/3
  2898 | D:3      | Noticed a black bear
  2903 | D:3      | Killed a black bear
  2904 | D:3      | Reached skill level 5 in Fighting
  2904 | D:3      | Reached skill level 1 in Throwing
  2904 | D:3      | Reached skill level 5 in Armour
  2904 | D:3      | Reached skill level 5 in Shields
  2904 | D:3      | Reached XP level 5. HP: 38/48 MP: 4/4
  3498 | D:4      | Gained mutation: You cannot study or cast Earth magic. [Ru
                  | sacrifice]
  3498 | D:4      | Gained mutation: You cannot study or cast Transmutations
                  | magic. [Ru sacrifice]
  3498 | D:4      | Gained mutation: You cannot study or cast Summoning magic.
                  | [Ru sacrifice]
  3498 | D:4      | Reached *** piety under Ru
  3645 | D:4      | Noticed a phantom
  3648 | D:4      | Noticed an ogre
  3657 | D:4      | Killed an ogre
  3658 | D:4      | Reached XP level 6. HP: 38/56 MP: 5/5
  4118 | D:5      | Entered Level 5 of the Dungeon
  4131 | D:5      | Reached XP level 7. HP: 58/62 MP: 6/6
  4310 | D:5      | Found a white marble altar of Elyvilon.
  4412 | D:5      | Found a hazy altar of Hepliaklqana.
  4626 | D:5      | Reached XP level 8. HP: 58/71 MP: 7/7
  4693 | D:5      | Found a runed translucent door.
  4694 | D:5      | Noticed Linguinho's ghost (novice GrFi)
  5094 | D:6      | Noticed Blork the orc
  5106 | D:6      | Killed Blork the orc
  5390 | D:6      | Found an ornate altar of the Wu Jian Council.
  5636 | D:6      | Found Zealeola's Jewellery Boutique.
  5927 | D:6      | Found a shimmering blue altar of Sif Muna.
  6056 | D:7      | Found a sacrificial altar of Ru.
  6056 | D:7      | Noticed a hornet
  6057 | D:7      | Found a broken altar of Ashenzari.
  6060 | D:7      | Paralysed by a hornet for 1 turns
  6066 | D:7      | Killed a hornet
  6174 | D:7      | Noticed Joseph
  6186 | D:7      | Killed Joseph
  6187 | D:7      | Reached XP level 9. HP: 47/82 MP: 8/8
  6503 | D:7      | Gained mutation: You are frail. (-10% HP) [Ru sacrifice]
  6503 | D:7      | Reached **** piety under Ru
  6503 | D:7      | Reached ***** piety under Ru
  6747 | D:7      | Reached skill level 1 in Invocations
  7138 | D:7      | Found a staircase to the Ecumenical Temple.
  7696 | D:8      | You fall into a shaft and drop 3 floors!
  7722 | D:11     | Noticed a two-headed ogre
  7738 | D:11     | Killed a two-headed ogre
  7791 | D:11     | Noticed Nergalle
  7807 | D:11     | Killed Nergalle
  7808 | D:11     | Reached skill level 5 in Throwing
  8039 | D:10     | Entered Level 10 of the Dungeon
  8146 | D:9      | Reached XP level 10. HP: 81/81 MP: 12/12
  8204 | D:8      | Killed by an exploding wight... ignited by their inner
                  | flame

Illustrated notes

Levels and vault maps discovered:
D:1:      saegor_arrival_simple_d, layout_loops_ring,
          dilly_ecumenical_altar_fadedgnrine
D:2:      layout_basic
D:3:      layout_basic
D:4:      layout_basic, kennysheep_flooded_box
D:5:      layout_loops_ring, elyvilon_altar_5, mainiacjoe_overflow_alcove_4,
          ebering_ghost_reflecting_pool
D:6:      layout_basic, lemuel_blue_sif_altar, nzn_wu_jian_council_hall,
          serial_shops, shop, hangedman_abyss_or_decor_lesser_grid,
          uniq_blork_the_orc
D:7:      layout_loops_ring, gammafunk_temple_overflow_statue,
          minmay_temple_entry_from_below_a, uniq_joseph
D:8:      layout_layer_cave, uniq_pikel
D:9:      layout_cave_pools, nicolae_uskayaw_en_pointe, lair_entry_dummy
D:10:     layout_grid_maze, nemelex_diamond_rough_becter, erik_orc_1,
          uniq_maurice
D:11:     layout_long_grid, uniq_harold, uniq_erolcha, uniq_nergalle

Skill      XL: |  1  2  3  4  5  6  7  8  9 |
---------------+----------------------------+-----
Armour         | 4 5 6 8 9 |  9.6
Shields        | 4 5 6 7 8 9 |  9.0
Fighting       | 4 5 6 8 9 |  9.5
Throwing       | 1 2 3 4 5 |  5.0
Invocations    | 4 |  4.0
Maces & Flails | 3 |  3.7

Action                   |  1- 3 |  4- 6 |  7- 9 | 10-12 || total
-------------------------+-------+-------+-------+-------++-------
Melee: Flail             |    79 |    82 |    72 |       ||   233
       Headbutt          |    12 |    11 |    57 |     2 ||    82
       Short sword       |       |       |   131 |       ||   131
       Mace              |       |       |    33 |    11 ||    44
Throw: Dart              |       |     2 |     6 |       ||     8
Invok: Sacrifice Artific |     1 |       |       |       ||     1
       Sacrifice Arcana  |       |     1 |       |       ||     1
       Sacrifice Health  |       |       |     1 |       ||     1
       Draw Out Power    |       |       |       |     1 ||     1
  Use: Potion            |       |     1 |     1 |       ||     2
       Scroll            |       |       |       |     2 ||     2
 Stab: Invisible         |       |       |     1 |       ||     1
Armor: Scale mail        |    32 |    48 |    67 |     2 ||   149
Dodge: Dodged            |    27 |    26 |    58 |     4 ||   115
Block: Kite shield       |    37 |    48 |   192 |    19 ||   296
       Reflection        |       |       |     3 |       ||     3
